 Dungeon Crawl Stone Soup version 0.20.1-1-g8b1a95d (webtiles) character file.

13 Folque the Magician (level 2, 0/17 HPs)
             Began as an Octopode Wizard on Nov 5, 2017.
             Slain by a bat (1 damage)
             ... on level 1 of the Dungeon.
             The game lasted 00:01:18 (374 turns).

Folque the Magician (Octopode Wizard)                Turns: 374, Time: 00:01:19

Health: 0/17       AC:  1    Str:  6    XL:     2   Next: 37%
Magic:  0/6        EV: 13    Int: 20    God:
Gold:   19         SH:  0    Dex: 10    Spells: 3/8 levels left

rFire    . . .     SeeInvis .   j - +0 dagger
rCold    . . .     Gourm    .   (no shield)
rNeg     . . .     Faith    .   a - +0 hat
rPois    .         Spirit   .   (no amulet)
rElec    .         Reflect  .   (no ring)
rCorr    .         Harm     .   (no ring)
MR       .....                  (no ring)
Stlth    +++.......             (no ring)
Regen    0.1/turn               (no ring)
MPRegen  0.1/turn               (no ring)
                                (no ring)
                                (no ring)

@: very slightly contaminated
A: almost no armour, stealthy swim, amphibious, 8 rings, constrict 8, camouflage
1, gelatinous body 1
a: no special abilities


You were on level 1 of the Dungeon.
You were not hungry.

You visited 1 branch of the dungeon, and saw 1 of its levels.

You collected 19 gold pieces.

Inventory:

Hand Weapons
 e - a +0 club
 j - a +0 dagger (weapon)
Armour
 a - a +0 hat (worn)
Scrolls
 h - a scroll of identify {unknown}
Potions
 f - a potion of brilliance {unknown}
Books
 b - a book of Minor Magic

   Spells                             Type                      Level
   a - Magic Dart                     Conjuration                  1
   b - Blink                          Translocation                2
   c - Call Imp                       Summoning                    2
   d - Slow                           Hexes                        2
   e - Conjure Flame                  Conjuration/Fire             3
   f - Mephitic Cloud                 Conjuration/Poison/Air       3
Comestibles
 c - a bread ration
 d - 4 chunks of flesh
 g - a royal jelly
 i - a meat ration


   Skills:
 + Level 2.1 Dodging
 + Level 2.8 Stealth
 + Level 3.5 Spellcasting
 + Level 1.0 Conjurations
 + Level 1.0 Summonings
 + Level 1.0 Translocations


You had 3 spell levels left.
You knew the following spells:

 Your Spells              Type           Power        Failure   Level  Hunger
a - Magic Dart            Conj           #...         9%          1    None
b - Call Imp              Summ           #.......     14%         2    ##.....
c - Blink                 Tloc           N/A          14%         2    ##.....


Dungeon Overview and Level Annotations

Branches:
Dungeon (1/15)

Altars:


Innate Abilities, Weirdness & Mutations

You cannot wear most types of armour.
You are very stealthy in the water. (Stealth+)
You are amphibious.
You can wear up to eight rings at the same time.
You can use your tentacles to constrict eight enemies at once.
Your skin changes colour to match your surroundings (Stealth+).
Your rubbery body absorbs attacks. (AC +1, EV +1)


Message History

Nothing appears to happen.
The bat hits you.
* * * LOW HITPOINT WARNING * * *
The ooze hits you.
* * * LOW HITPOINT WARNING * * *
Casting: Blink
Confirm with . or Enter, or press ? or * to list all spells.
You blink.
The bat closely misses you. The ooze hits you.
* * * LOW HITPOINT WARNING * * *
Casting: Blink
Confirm with . or Enter, or press ? or * to list all spells.
You miscast Blink.
Strange energies run through your body. The bat hits you but does no damage.
The bat closely misses you. The ooze barely misses you.
The bat completely misses you.
Unknown command.
The bat hits you but does no damage.
Casting: Blink
Confirm with . or Enter, or press ? or * to list all spells.
You don't have enough magic to cast that spell.
The bat hits you.
You die...

########### .#
#.........# ..# .
#.....@...#### #.##.
#......bJ....######.##.
#.........##........##.
######.#########..#....
#.# ##...##. #.#
##..##. #.. ##.##. #..
#.# # #.#


You could see an ooze and a bat.

Vanquished Creatures
  A leopard gecko (D:1)
  2 giant cockroaches (D:1)
  4 goblins (D:1)
  A kobold (D:1)
  A frilled lizard (D:1)
  A rat (D:1)
10 creatures vanquished.

Notes
Turn   | Place    | Note
-------+----------+-------------------------------------------
     0 | D:1      | Folque the Octopode Wizard began the quest for the Orb.
     0 | D:1      | Reached XP level 1. HP: 11/11 MP: 4/4
    40 | D:1      | Reached XP level 2. HP: 12/17 MP: 3/6
    56 | D:1      | Learned a level 2 spell: Call Imp
    59 | D:1      | Learned a level 2 spell: Blink
   374 | D:1      | Slain by a bat

Action                   || total
-------------------------++-------
Melee: Unarmed           ||     8
       Club              ||    17
       Constrict         ||     7
       Tentacles         ||     3
       Dagger            ||     4
 Cast: Magic Dart        ||     3
       Blink             ||     1
 Stab: Sleeping          ||     4
Armor: Skin              ||     4
Dodge: Dodged            ||    26
